 Dungeon Crawl Stone Soup version 0.28.0 (webtiles) character file.

Game seed: 421553957880023798

28397 ragingrage the Severer (level 13, 0/128 HPs)
             Began as a Minotaur Berserker on Feb 4, 2022.
             Was an Elder of Trog.
             Slain by a death knight (18 damage)
             ... on level 13 of the Dungeon.
             The game lasted 00:12:46 (15367 turns).

ragingrage the Severer (Minotaur Berserker)        Turns: 15367, Time: 00:12:47

Health: 0/128      AC: 24    Str: 24    XL:     13   Next: 9%
Magic:  12/12      EV: 10    Int:  3    God:    Trog [****..]
Gold:   466        SH:  0    Dex: 13    Spells: 12/12 levels left

rFire   . . .      SeeInvis .   k - +1 hand axe (drain)
rCold   . . .      Faith    .   (no shield)
rNeg    + . .      Spirit   .   H - +2 chain mail {Will+}
rPois   +          Reflect  .   A - +1 hat
rElec   .          Harm     .   j - +2 ratskin cloak {*Rats rPois rN+ Str-1 Int-1 Dex+1}
rCorr   +          Rampage  .   z - +0 pair of gloves
Will    +....                   v - +0 pair of boots
Stlth   ..........              C - amulet of magic regeneration
HPRegen 0.31/turn               n - +4 ring of protection
MPRegen 0.53/turn               x - ring of resist corrosion

@: lethally poisoned (0 -> -34), on berserk cooldown, slowed, very slow
A: horns 2, retaliatory headbutt
a: Renounce Religion, Berserk, Trog's Hand, Brothers in Arms


You were on level 13 of the Dungeon.
You worshipped Trog.
Trog was greatly pleased with you.
You visited 1 branch of the dungeon, and saw 13 of its levels.

You collected 771 gold pieces.
You spent 305 gold pieces at shops.

Inventory:

Hand Weapons
 a - a +1 battleaxe
 b - a +2 whip of flaming
 k - a +1 hand axe of draining (weapon)
Missiles
 h - 23 poisoned darts (quivered)
 p - 4 silver boomerangs
 y - 4 javelins
Armour
 j - the +2 ratskin cloak (worn) {*Rats rPois rN+ Str-1 Int-1 Dex+1}
   (You bought it in a shop on level 1 of the Dungeon)

   When the wearer is hurt, rats may emerge from it to assist them.
   Str:       It affects your strength (-1).
   Int:       It affects your intelligence (-1).
   Dex:       It affects your dexterity (+1).
   rPois:     It protects you from poison.
   rN:        It protects you from negative energy.
 v - a +0 pair of boots (worn)
 z - a +0 pair of gloves (worn)
 A - a +1 hat (worn)
 H - a +2 chain mail of willpower (worn)
 R - a +1 pair of gloves
 W - an orb of light
Jewellery
 f - an amulet of guardian spirit
 n - a +4 ring of protection (left hand)
 x - a ring of resist corrosion (right hand)
 C - an amulet of magic regeneration (around neck)
 L - a ring of fire
 T - a ring of fire
 V - a ring of fire
Wands
 d - a wand of iceblast (18)
 s - a wand of digging (6)
 E - a wand of acid (13)
 K - a wand of mindburst (11)
 S - a wand of polymorph (2)
Scrolls
 c - 2 scrolls of magic mapping
 g - a scroll of amnesia
 l - 3 scrolls of teleportation
 m - 2 scrolls of enchant weapon {unknown}
 q - 2 scrolls of fear {unknown}
 r - 6 scrolls of identify
 t - 2 scrolls of silence {unknown}
 w - 3 scrolls of vulnerability
 G - a scroll of noise {unknown}
 N - 2 scrolls of enchant armour {unknown}
 Q - a scroll of brand weapon {unknown}
 U - a scroll of torment {unknown}
Potions
 e - 2 potions of brilliance {unknown}
 i - a potion of heal wounds
 o - a potion of resistance {unknown}
 u - a potion of degeneration {unknown}
 B - 2 potions of ambrosia {unknown}
 D - a potion of lignification {unknown}
 F - a potion of might
 I - 2 potions of magic {unknown}
 J - 2 potions of invisibility {unknown}
 M - 2 potions of attraction {unknown}
 P - 2 potions of haste {unknown}
Miscellaneous
 O - a condenser vane (inert)


   Skills:
 + Level 15.8 Fighting
 + Level 15.8 Axes
 - Level 6.5 Throwing
 - Level 8.4 Armour
 - Level 6.0 Dodging
 - Level 6.1 Evocations


You had 12 spell levels left.
You didn't know any spells.
Your spell library was empty.

Dungeon Overview and Level Annotations

Branches:
Dungeon (13/15)            Temple (0/1) D:4            Lair (0/6) D:11
    Orc (0/2) D:10
 Vaults: D:13-14

Altars:
Dithmenos
Elyvilon
Fedhas
Gozag
Hepliaklqana
Kikubaaqudgha
Makhleb
Okawaru
Qazlal
Uskayaw
Xom
Zin

Shops:
D:1 [   D:11 [


Innate Abilities, Weirdness & Mutations

You have a pair of horns on your head.
You reflexively headbutt those who attack you in melee.


Message History

You hit the efreet but do no damage.
The efreet is almost dead.
The efreet blocks your attack.
The efreet is almost dead.
The efreet gestures at you.
The fireball explodes!
The fireball engulfs you but does no damage.
The fireball engulfs the efreet.
The efreet completely resists.
The efreet blocks your attack. x2
The efreet is severely wounded.
Unknown command.
You slash the efreet!
You kill the efreet!
Trog accepts your kill.
V - a ring of fire You now have 466 gold pieces (gained 8).
Things that are here:
a +4 scimitar of flaming; a +0 robe; an orb of light You feel a strong urge to attack something.
The death knight shouts!
Things that are here:
a +4 scimitar of flaming; a +0 robe; an orb of light
W - an orb of light You feel your anger nearly subside.
You are no longer berserk.
You are exhausted.
You feel yourself slow down.
The death knight mumbles some strange prayers to Yredelemnul against you.
You easily resist.
The death knight offers itself to Yredelemnul, and fills with unholy energy.
The death knight hits you from afar with a +2 glaive of venom!!
The death knight completely misses you.
The death knight's dark mirror aura disappears.
The death knight hits you from afar with a +2 glaive of venom!!
The death knight hits you from afar with a +2 glaive of venom!!
* * * LOW HITPOINT WARNING * * *
You are lethally poisoned!
* * * LOW HITPOINT WARNING * * *
You feel extremely sick.
The death knight hits you from afar with a +2 glaive of venom!!
You die...

#...#.#.#.#..#
#<#..........#####
#.#.#.#.#.#.......
#.#.(........##...
#...#.#.#.#..##.#. #.
#...........###... #.
#.#.#.#.#.#.###.#.
##.#####.#.........##....
##.......@...#.##...##..#.
#...#####.#....##.#....... .# #
#..###.p...........###.#. ...#.
#.............#######.○. ###...#
##...###.###......:###.#
.##...###...##.....##..###.###..
#
.##.......####...####..##.#....
..#.####.#### ##.## ###.##.#.###
...#..#..# ## #.# ##.#......#


You could see a death knight.

Vanquished Creatures
  2 hydras
  4 boulder beetles
  2 centaur warriors (D:13)
  A death knight (D:13)
  5 two-headed ogres
  A tengu warrior (D:13)
  A skeletal warrior (D:13)
  Pikel (D:4)
  3 ugly things (D:13)
  2 wolf spiders (D:13)
  3 cyclopes
  2 deep elf pyromancers
  3 manticores (D:12)
  A gargoyle (D:10)
  An efreet (D:13)
  A komodo dragon (D:13)
  2 trolls
  2 hornets
  5 slime creatures (D:12)
  A vampire (D:9)
  2 shadows
  7 wraiths
  8 yaks (D:10)
  2 steam dragons
  3 wyverns
  2 vampire mosquitoes (D:13)
  3 wargs (D:11)
  An acid dragon (D:5)
  2 water moccasins
  4 orc warriors
  3 ice beasts (D:6)
  A sky beast (D:5)
  A necrophage (D:7)
  A black bear (D:7)
  5 ogres
  The ghost of Fractals the Magician, an amateur HuWn (D:3)
  2 phantoms
  7 centaurs
  2 kobold brigands
  A lemure (D:4)
  4 bullfrogs
  2 scorpions
  A gnoll sergeant (D:7)
  A wyvern zombie (D:6)
  12 killer bees
  A howler monkey (D:13)
  2 centaur zombies
  9 orc priests
  3 jellies
  An iguana (D:6)
  Terence (D:2)
  21 orc wizards
  A howler monkey zombie (D:8)
  9 adders
  7 gnolls
  A white imp (D:7)
  An ufetubus (D:5)
  2 dart slugs
  43 orcs
  7 ball pythons
  A bat (D:1)
  8 endoplasms
  2 giant cockroaches
  8 goblins
  11 hobgoblins
  4 jackals (D:2)
  2 quokkas
  6 frilled lizards
  13 kobolds
  4 rats
289 creatures vanquished.

Vanquished Creatures (collateral kills)
  A centaur warrior (D:13)
  A wizard (D:13)
  A gargoyle (D:12)
  A tarantella (shapeshifter) (D:13)
  2 slime creatures (D:12)
  An orc (D:9)
7 creatures vanquished.

Vanquished Creatures (others)
  Maurice (D:10)
1 creature vanquished.

Grand Total: 297 creatures vanquished

Notes
Turn   | Place    | Note
-------+----------+-------------------------------------------
     0 | D:1      | ragingrage the Minotaur Berserker began the quest for the
                  | Orb.
     0 | D:1      | Reached XP level 1. HP: 19/19 MP: 0/0
    17 | D:1      | Found a faded altar of an unknown god.
   212 | D:1      | Found Myteodat's Armour Shoppe.
   305 | D:1      | Reached XP level 2. HP: 27/27 MP: 1/1
   866 | D:2      | Reached XP level 3. HP: 34/34 MP: 2/2
   961 | D:2      | Found a burning altar of Makhleb.
  1028 | D:2      | Noticed Terence
  1035 | D:2      | Killed Terence
  1035 | D:2      | Reached ** piety under Trog
  1036 | D:2      | Reached skill level 5 in Fighting
  1036 | D:2      | Reached XP level 4. HP: 42/42 MP: 3/3
  1105 | D:2      | Reached skill level 5 in Axes
  1535 | D:3      | Found a large runed translucent door.
  1630 | D:3      | Found a large runed translucent door.
  1631 | D:3      | Noticed Fractals's ghost (amateur HuWn)
  1661 | D:3      | Found a faded altar of an unknown god.
  1700 | D:3      | Found an iron altar of Okawaru.
  1912 | D:3      | Found a shimmering altar of Xom.
  1917 | D:3      | Reached XP level 5. HP: 43/48 MP: 4/4
  2309 | D:3      | Killed Fractals's ghost
  2403 | D:4      | Noticed an ogre
  2411 | D:4      | Killed an ogre
  2412 | D:4      | Reached XP level 6. HP: 58/58 MP: 5/5
  2452 | D:3      | Found a hazy altar of Hepliaklqana.
  2689 | D:4      | You fall into a shaft and drop 3 floors!
  2689 | D:7      | Noticed a wraith
  2698 | D:7      | Killed a wraith
  2699 | D:7      | Reached XP level 7. HP: 66/66 MP: 6/6
  3182 | D:7      | Reached XP level 8. HP: 58/75 MP: 7/7
  3710 | D:6      | Found a glowing silver altar of Zin.
  4042 | D:6      | Noticed a two-headed ogre
  4050 | D:6      | Killed a two-headed ogre
  4051 | D:6      | Reached skill level 10 in Fighting
  4051 | D:6      | Reached skill level 10 in Axes
  4051 | D:6      | Reached XP level 9. HP: 76/86 MP: 8/8
  4905 | D:5      | Entered Level 5 of the Dungeon
  5048 | D:5      | Found an opulent altar of Gozag.
  5132 | D:4      | Noticed Pikel
  5146 | D:4      | Killed Pikel
  5195 | D:4      | Found a staircase to the Ecumenical Temple.
  6498 | D:7      | Found a burning altar of Makhleb.
  6728 | D:7      | Found a blossoming altar of Fedhas.
  6752 | D:7      | Reached XP level 10. HP: 93/100 MP: 9/9
  6910 | D:7      | Reached *** piety under Trog
  7311 | D:8      | Found an ancient bone altar of Kikubaaqudgha.
  7320 | D:8      | Paralysed by a hornet for 1 turns
  7324 | D:8      | Noticed a two-headed ogre
  7485 | D:1      | Bought the +2 ratskin cloak {*Rats rPois rN+ Str-1 Int-1
                  | Dex+1} for 305 gold pieces
  7485 | D:1      | Found the +2 ratskin cloak {*Rats rPois rN+ Str-1 Int-1
                  | Dex+1}
  7718 | D:8      | Killed a two-headed ogre
  7751 | D:8      | Found a white marble altar of Elyvilon.
  8121 | D:9      | Found a shadowy altar of Dithmenos.
  8274 | D:9      | Reached skill level 1 in Throwing
  8370 | D:9      | Noticed a two-headed ogre
  8377 | D:9      | Killed a two-headed ogre
  8378 | D:9      | Reached skill level 1 in Evocations
  9066 | D:10     | Entered Level 10 of the Dungeon
  9123 | D:10     | Reached XP level 11. HP: 108/108 MP: 10/10
  9194 | D:10     | Found a hide-covered altar of Uskayaw.
  9228 | D:10     | Noticed Maurice
  9230 | D:10     | Noticed a two-headed ogre
  9238 | D:10     | Killed a two-headed ogre
  9244 | D:10     | Killed Maurice
  9540 | D:10     | Found a staircase to the Orcish Mines.
  9563 | D:10     | Reached skill level 5 in Armour
  9799 | D:10     | Found a stormy altar of Qazlal.
 10260 | D:11     | Reached **** piety under Trog
 10273 | D:11     | Found a staircase to the Lair.
 10464 | D:11     | Found Feumnum's Antique Armour Shop.
 10587 | D:11     | Noticed a boulder beetle
 10605 | D:11     | Killed a boulder beetle
 10606 | D:11     | Reached skill level 5 in Dodging
 10842 | D:11     | Noticed a boulder beetle
 10876 | D:11     | Killed a boulder beetle
 11601 | D:12     | Noticed a two-headed ogre
 11608 | D:12     | Killed a two-headed ogre
 11847 | D:12     | Noticed a seven-headed hydra
 11856 | D:12     | Killed a seven-headed hydra
 11904 | D:12     | Noticed a deep elf pyromancer
 11910 | D:12     | Killed a deep elf pyromancer
 11911 | D:12     | Reached XP level 12. HP: 118/118 MP: 11/11
 12319 | D:12     | Reached skill level 5 in Throwing
 13249 | D:13     | Noticed a centaur warrior
 13268 | D:13     | Killed a centaur warrior
 13269 | D:13     | Reached skill level 5 in Evocations
 13530 | D:13     | Noticed a tengu warrior
 13546 | D:13     | Reached skill level 15 in Fighting
 13546 | D:13     | Reached skill level 15 in Axes
 13554 | D:13     | Killed a tengu warrior
 13557 | D:13     | Noticed a centaur warrior
 13561 | D:13     | Noticed a death knight
 13565 | D:13     | Noticed a centaur warrior
 14066 | D:13     | Killed a centaur warrior
 14119 | D:13     | Noticed a seven-headed hydra
 14119 | D:13     | Noticed a boulder beetle
 14303 | D:13     | Noticed a death knight
 14466 | D:13     | Killed a seven-headed hydra
 14509 | D:13     | Killed a boulder beetle
 14572 | D:13     | Killed a death knight
 14924 | D:13     | Identified the +7 quarterstaff of Butchery {drain, Fly
                  | rPois rC- rN+}
 15011 | D:13     | Noticed a boulder beetle
 15020 | D:13     | Reached XP level 13. HP: 109/127 MP: 12/12
 15367 | D:13     | Slain by a death knight

Illustrated notes

Levels and vault maps discovered:
D:1:      minmay_arrival_doors, layout_loops_ring, serial_shops,
          nicolae_shop_trees, hellmonk_ecumenical_altar_blasted
D:2:      layout_rooms, basic_altar, uniq_terence
D:3:      layout_loops_cross, okawaru_ov_weapons_minmay,
          nicolae_overflow_ecumenical_swirl, mainiacjoe_overflow_24_doors,
          ebering_ghost_disaster_area
D:4:      layout_basic, minmay_temple_entry_mini_moons, uniq_pikel
D:5:      layout_rooms, grunt_gozag_breadcrumbs
D:6:      layout_basic, zin_statuary
D:7:      layout_basic, mainiacjoe_overflow_catwalk,
          mainiacjoe_overflow_brackets
D:8:      layout_cave_pools, mainiacjoe_overflow_chevrons, elyvilon_altar_5,
          glass_columns_b
D:9:      layout_irregular_city, tgw_sif, grunt_dithmenos_smoke_and_mirrors
D:10:     layout_rooms, lemuel_coloured_pillars_altar,
          eat_drink_and_be_merry_uskayaw, erik_orc_3, uniq_maurice
D:11:     layout_roguey, erik_lair_orcish_takeover, columned_hall_lemuel,
          nicolae_take_the_stairs
D:12:     layout_irregular_city, chequers_mini_garden
D:13:     minmay_the_grid_octo_tiled_octocenter
          [minmay_the_grid_octo_fan_narrow,
          minmay_the_grid_octo_vomiting_pacman, minmay_the_grid_octo_focus,
          minmay_the_grid_octo_clover_2, minmay_the_grid_octo_prize_star,
          minmay_the_grid_square_5x5_comb, minmay_the_grid_square_5x5_mess,
          minmay_the_grid_square_5x5_tri_point,
          minmay_the_grid_square_5x5_minivault], layout_loops_ring,
          serial_glass, glass_columns_c, glass_columns_b, glass_columns_c,
          glass_columns_b, glass_columns_c, glass_columns_a

Skill      XL: |  1  2  3  4  5  6  7  8  9 10 11 12 |
---------------+-------------------------------------+-----
Fighting       | 4 5 6 7 8 10 12 13 14 15 | 15.8
Axes           | 4 5 6 7 8 10 12 13 14 15 | 15.8
Throwing       | 2 4 6 |  6.5
Armour         | 4 6 8 |  8.4
Dodging        | 3 5 6 |  6.0
Evocations     | 2 4 6 |  6.1

Action                   |  1- 3 |  4- 6 |  7- 9 | 10-12 | 13-15 || total
-------------------------+-------+-------+-------+-------+-------++-------
Melee: Hand axe          |    69 |    75 |   228 |   556 |    40 ||   968
       Headbutt          |     8 |     3 |    44 |   157 |     6 ||   218
       Punch             |       |       |     1 |    10 |     3 ||    14
       Whip              |       |       |       |    10 |       ||    10
Throw: Dart              |       |       |     1 |    27 |     6 ||    34
Invok: Berserk           |     4 |     6 |    11 |    25 |     1 ||    47
       Trog's Hand       |       |       |       |     1 |       ||     1
Evoke: Condenser vane    |       |       |       |     1 |       ||     1
  Use: Scroll            |       |       |     3 |     6 |       ||     9
       Potion            |       |       |       |     5 |       ||     5
Armor: Animal skin       |     8 |       |       |       |       ||     8
       Ring mail         |    11 |       |       |       |       ||    11
       Scale mail        |       |    31 |    77 |       |       ||   108
       Chain mail        |       |       |    11 |   284 |    16 ||   311
Dodge: Dodged            |    41 |    35 |    82 |   223 |     8 ||   389
